 Dungeon Crawl Stone Soup version 0.23.2-1-ga50397a (webtiles) character file.

Game seed: 17720886258883963337

2844 IBeShadow the Summoner (level 9, -1/78 HPs)
             Began as a Pale Draconian Summoner on May 15, 2019.
             Was an Initiate of Ashenzari.
             Slain by a hog (9 damage)
             ... on level 7 of the Dungeon.
             The game lasted 00:12:46 (7606 turns).

IBeShadow the Summoner (Pale Draconian Summoner)    Turns: 7606, Time: 00:12:47

Health: -1/78      AC:  7    Str: 11    XL:     9   Next: 46%
Magic:  1/13       EV: 12    Int: 18    God:    Ashenzari [......]
Gold:   327        SH:  0    Dex: 12    Spells: 2/16 levels left

rFire    . . .     SeeInvis .   r - +6 trident (vamp) (curse)
rCold    . . .     Gourm    +   (no shield)
rNeg     . . .     Faith    .   (armour unavailable)
rPois    .         Spirit   .   (helmet restricted)
rElec    .         Reflect  .   (no cloak)
rCorr    .         Harm     .   (no gloves)
MR       .....                  (no boots)
Stlth    ++........             h - amulet of the gourmand
HPRegen  0.23/turn              (no ring)
MPRegen  0.13/turn              (no ring)

@: about to teleport
A: breathe steam, unfitting armour, hooves 1, stinger 1, low mp 1, cold-blooded,
AC +7
a: Breathe Steam, Curse Item, Renounce Religion


You were on level 7 of the Dungeon.
You worshipped Ashenzari.
Ashenzari was noncommittal.
You were very full.

You visited 2 branches of the dungeon, and saw 8 of its levels.

You collected 327 gold pieces.

Inventory:

Hand Weapons
 m - a +2 dagger of draining
 r - a cursed +6 vampiric trident (weapon)
Jewellery
 h - an amulet of the gourmand (around neck)
Wands
 p - a wand of random effects (11)
 s - a wand of disintegration (18)
Scrolls
 d - 6 scrolls of remove curse
 e - 4 scrolls of identify
 g - a scroll of amnesia {unknown}
 i - 2 scrolls of enchant weapon {unknown}
 j - 2 scrolls of fog
 k - 2 scrolls of random uselessness {unknown}
 l - 3 scrolls of fear
 q - a scroll of blinking {unknown}
Potions
 c - a potion of resistance
 f - a potion of degeneration
 n - a potion of curing
Comestibles
 b - 12 rations


   Skills:
 + Level 6.7 Fighting
 + Level 5.7 Polearms
 - Level 1.7 Dodging
 - Level 1.7 Stealth
 - Level 4.3 Spellcasting
 * Level 9.4 Summonings
 + Level 1.4 Ice Magic
 + Level 1.4 Air Magic


You had 2 spell levels left.
You knew the following spells:

 Your Spells              Type           Power        Failure   Level  Hunger
a - Summon Small Mammal   Summ           ####         1%          1    None
b - Call Imp              Summ           #####...     1%          2    ##.....
c - Call Canine Familiar  Summ           #####...     1%          3    ###....
d - Summon Ice Beast      Ice/Summ       ###.....     16%         4    ####...
e - Summon Lightning Spi  Summ/Air       ###.....     16%         4    ####...

Your spell library contained the following spells:

 Spells                   Type           Power        Failure   Level  Hunger
 Corona                   Hex            #......      14%         1    None
 Magic Dart               Conj           #...         14%         1    None
 Blink                    Tloc           N/A          22%         2    ##.....
 Slow                     Hex            #.......     22%         2    ##.....
 Summon Guardian Golem    Hex/Summ       ###.....     6%          3    ###....
 Mephitic Cloud           Conj/Pois/Air  #.......     34%         3    ###....
 Conjure Flame            Conj/Fire      #.......     41%         3    ###....
 Inner Flame              Hex/Fire       #.......     41%         3    ###....
 Portal Projectile        Hex/Tloc       #.....       41%         3    ###....
 Cause Fear               Hex            #.........   82%         4    ####...
 Leda's Liquefaction      Hex/Erth       #.........   82%         4    ####...


Dungeon Overview and Level Annotations

Branches:
Dungeon (7/15)             Temple (1/1) D:4

Altars:
Ashenzari
Cheibriados
Dithmenos
Elyvilon
Fedhas
Gozag
Hepliaklqana
Kikubaaqudgha
Makhleb
Nemelex Xobeh
Okawaru
Qazlal
Ru
Sif Muna
Trog
Uskayaw
Vehumet
Wu Jian
Xom
Yredelemnul
Zin
The Shining One


Innate Abilities, Weirdness & Mutations

You can breathe blasts of scalding, opaque steam.
Your pale cyan-grey scales are hard. (AC +7)
You cannot fit into any form of body armour.
You are cold-blooded and may be slowed by cold attacks.
You have large cloven feet.
Your tail ends in a poisonous barb.
Your magical capacity is low. (-10% MP)


Message History

Confirm with . or Enter, or press ? or * to list all spells.
Your hound bites the hog.
The hog bites your crimson imp!
Your crimson imp dies!
The hog bites you!
* * * LOW HITPOINT WARNING * * *
Your hound bites the hog but does no damage.
You swap places.
The hog bites your quokka!
Your quokka dies!
Your quokka's corpse disappears in a puff of smoke!
Okay, then.
Okay, then.
As you read the scroll of teleportation, it crumbles to dust.
You feel strangely unstable.
Your hound bites the hog but does no damage.
You feel better. The hog bites you but does no damage.
Your hound bites the hog but does no damage.
The hog bites you!
* * * LOW HITPOINT WARNING * * *
The hog bites you!
You die...

##### #.#.# ###
##############.#.#
#######.###.@..............#
#%%...').##hh............#.#
#%....#...h..............#.#
###'# ###.†....#.........#.#
#... #.####.#.#######.#.##
#.. #.#.............)#... ##
####.#............#.####
#.................#.#
#..#..........###.#.#


You could see 2 hogs and a friendly hound.

Vanquished Creatures
  Pikel (D:6)
  3 yaks (D:7)
  A hog (D:7)
  2 sky beasts
  A slave (D:6)
  3 ogres
  2 phantoms
  A centaur (D:5)
  A bullfrog (D:6)
  2 howler monkeys (D:7)
  3 hounds
  An orc priest (D:5)
  A centaur skeleton (D:7)
  A bullfrog skeleton (D:5)
  Terence (D:3)
  2 iguanas (D:7)
  4 worker ants
  6 orc wizards
  A hound skeleton (D:7)
  A howler monkey zombie (D:7)
  A howler monkey skeleton (D:4)
  7 adders
  4 gnolls
  2 oozes (D:1)
  2 worms (D:2)
  2 dart slugs
  3 leopard geckos
  11 orcs
  2 ball pythons
  2 giant cockroaches
  8 goblins
  6 hobgoblins
  4 jackals (D:3)
  10 bats
  6 frilled lizards
  10 kobolds
  A quokka zombie (D:6)
  7 rats
  A butterfly (D:4)
127 creatures vanquished.

Vanquished Creatures (collateral kills)
  A human (D:7)
  A hog (D:7)
  2 slaves (D:6)
  A gnoll sergeant (D:6)
  A howler monkey (D:7)
  A crimson imp (D:5)
  A bullfrog skeleton (D:7)
  2 gnolls
  An orc (D:5)
  A ball python skeleton (D:4)
12 creatures vanquished.

Vanquished Creatures (others)
  An orc wizard (D:7)
1 creature vanquished.

Grand Total: 140 creatures vanquished

Notes
Turn   | Place    | Note
-------+----------+-------------------------------------------
     0 | D:1      | IBeShadow the Draconian Summoner began the quest for the
                  | Orb.
     0 | D:1      | Reached XP level 1. HP: 14/14 MP: 3/3
   134 | D:1      | Reached XP level 2. HP: 16/22 MP: 5/5
   348 | D:1      | Reached skill level 1 in Fighting
   514 | D:1      | Reached XP level 3. HP: 23/28 MP: 7/7
   757 | D:2      | Gained mutation: Your tail ends in a poisonous barb.
                  | [potion of mutation]
   757 | D:2      | Gained mutation: Your magical capacity is low. (-10% MP)
                  | [potion of mutation]
   757 | D:2      | Gained mutation: You have large cloven feet. [potion of
                  | mutation]
  1015 | D:2      | Learned a level 2 spell: Call Imp
  1241 | D:2      | Reached XP level 4. HP: 22/36 MP: 8/8
  2226 | D:3      | Found a sacrificial altar of Ru.
  2231 | D:3      | Noticed Terence
  2245 | D:3      | Killed Terence
  2245 | D:3      | Reached XP level 5. HP: 33/41 MP: 9/9
  2455 | D:3      | Found a bloodstained altar of Trog.
  2912 | D:4      | Reached skill level 1 in Polearms
  2938 | D:4      | HP: 2/42 [poisoned by a gnoll]
  3417 | D:4      | Found a staircase to the Ecumenical Temple.
  3476 | D:4      | Reached XP level 6. HP: 45/50 MP: 11/11
  3534 | Temple   | Entered the Ecumenical Temple
  3786 | D:4      | Found a shimmering altar of Xom.
  3791 | D:4      | Reached skill level 5 in Summonings
  4137 | D:5      | Entered Level 5 of the Dungeon
  4168 | D:5      | Noticed a sky beast
  4192 | D:5      | Killed a sky beast
  4498 | D:5      | Your scales start taking on a pale cyan-grey colour.
  4498 | D:5      | Reached XP level 7. HP: 53/57 MP: 12/12
  4939 | D:5      | Reached skill level 6 in Summonings
  5406 | D:6      | Noticed Pikel
  5419 | D:6      | Killed Pikel
  5419 | D:6      | Reached skill level 7 in Summonings
  5419 | D:6      | Reached XP level 8. HP: 28/67 MP: 7/13
  5639 | D:6      | Reached skill level 5 in Fighting
  6235 | D:6      | Found a shattered altar of Ashenzari.
  6261 | D:6      | Found an iron altar of Okawaru.
  6554 | D:6      | Became a worshipper of Ashenzari the Shackled
  6643 | D:7      | HP: 3/69 [orc wizard/+0 dagger (5)]
  6685 | D:7      | Reached skill level 8 in Summonings
  7059 | D:7      | Reached skill level 5 in Polearms
  7082 | D:7      | Reached XP level 9. HP: 53/75 MP: 7/13
  7270 | D:7      | Reached skill level 9 in Summonings
  7317 | D:7      | Learned a level 3 spell: Call Canine Familiar
  7322 | D:7      | Learned a level 4 spell: Summon Ice Beast
  7327 | D:7      | Learned a level 4 spell: Summon Lightning Spire
  7589 | D:7      | Reached skill level 1 in Ice Magic
  7589 | D:7      | Reached skill level 1 in Air Magic
  7606 | D:7      | Slain by a hog

Skill      XL: |  1  2  3  4  5  6  7  8  9 |
---------------+----------------------------+-----
Fighting       | 1 2 3 4 6 |  6.7
Spellcasting   | 3 4 |  4.3
Polearms       | 1 2 3 5 |  5.7
Summonings     | 5 7 8 9 |  9.4
Ice Magic      | 1 |  1.4
Air Magic      | 1 |  1.4
Dodging        | |  1.7
Stealth        | |  1.7

Action                   |  1- 3 |  4- 6 |  7- 9 || total
-------------------------+-------+-------+-------++-------
Melee: Unarmed           |    25 |       |       ||    25
       Dagger            |    89 |   218 |   136 ||   443
       Tailslap          |     7 |    24 |    22 ||    53
       Short sword       |    38 |       |       ||    38
       Kick              |    11 |    39 |    47 ||    97
       Trident           |       |       |   133 ||   133
 Cast: Summon Small Mamm |     1 |     2 |     2 ||     5
       Call Imp          |       |     6 |    28 ||    34
       Call Canine Famil |       |       |     2 ||     2
Invok: Curse Item        |       |       |     1 ||     1
 Abil: Breathe Steam     |       |       |     3 ||     3
  Use: Scroll            |     4 |     3 |     1 ||     8
       Potion            |     4 |     1 |     4 ||     9
 Stab: Sleeping          |       |     3 |     4 ||     7
  Eat: Chunk             |     1 |    13 |    22 ||    36
Armor: Skin              |    51 |    62 |    82 ||   195
Dodge: Dodged            |    99 |   129 |   134 ||   362
